 Dungeon Crawl Stone Soup version 0.31-a0-1612-g4aaf141 (webtiles) character file.

Game seed: 14363299591000604319

385 PidgeyThePirate the Chopper (level 6, -8/48 HPs)
             Began as a Demonspawn Chaos Knight on Jan 8, 2024.
             Was a Plaything of Xom.
             Killed by divine providence
             ... invoked by an orc priest
              (12 damage)
             ... on level 5 of the Dungeon on Jan 9, 2024.
             The game lasted 00:08:09 (4153 turns).

PidgeyThePirate the Chopper (DsCK)                  Turns: 4153, Time: 00:08:09

Health: -8/48      AC:  6    Str: 14    XL:     6   Next: 48%
Magic:  6/6        EV: 11    Int: 13    God:    Xom [.....*]
Gold:   167        SH:  0    Dex: 12    Spells: 5/5 levels left

rFire   . . .        a - +0 hand axe (chaos)
rCold   . . .        (no shield)
rNeg    + . .        b - +2 leather armour
rPois   .            (helmet restricted)
rElec   .            (no cloak)
rCorr   .            j - +0 pair of gloves
SInv    +            (no boots)
Will    .....        d - amulet of faith
Stlth   +            n - ring of positive energy
HPRegen 0.28/turn    (no ring)
MPRegen 0.10/turn

%: faith
@: no status effects
A: antennae 2, see invisible, evolution 1
a: Renounce Religion


You were on level 5 of the Dungeon.
You worshipped Xom.
You were Xom's teddy bear.
You visited 1 branch of the dungeon, and saw 5 of its levels.

You collected 167 gold pieces.

Inventory:

Hand Weapons
 a - a +0 hand axe of chaos (weapon)
Missiles
 p - a throwing net (quivered)
Armour
 b - a +2 leather armour (worn)
 j - a +0 pair of gloves (worn)
Jewellery
 d - an amulet of faith (around neck)
 n - a ring of positive energy (left hand)
Scrolls
 e - 5 scrolls of teleportation
 f - 5 scrolls of amnesia {unknown}
 g - a scroll of brand weapon {unknown}
 i - 4 scrolls of identify {unknown}
 m - 2 scrolls of enchant weapon {unknown}
 o - a scroll of enchant armour {unknown}
 r - 2 scrolls of torment {unknown}
 s - a scroll of vulnerability {unknown}
Potions
 h - a potion of curing
 l - a potion of enlightenment


   Skills:
 + Level 4.1 Fighting
 + Level 4.7 Axes
 + Level 3.1 Armour
 + Level 2.1 Dodging
 + Level 1.6 Stealth


You had 5 spell levels left.
You didn't know any spells.
Your spell library contained the following spells:

 Spells                   Type           Power      Damage    Failure   Level
 Apportation              Tloc           0%         N/A       36%         1
 Jinxbite                 Hex            0%         N/A       50%         2
 Animate Armour           Summ/Erth      0%         N/A       98%         4
 Summon Lightning Spire   Summ/Air       0%         N/A       98%         4
 Alistair's Intoxication  Alch           0%         N/A       100%        5
 Borgnjor's Vile Clutch   Necr/Erth      0%         N/A       100%        5
 Lee's Rapid Deconstruct  Erth           0%         3d4*      100%        5
 Eringya's Noxious Bog    Alch           0%         4d6       100%        6


Dungeon Overview and Level Annotations

Branches:
Dungeon (5/15)
 Temple: D:4-7

Altars:

Annotations:
D:4 Dowan, Duvessa


Innate Abilities, Weirdness & Mutations

You have a pair of antennae on your head.
You have supernaturally acute eyesight. (SInv)
You have hidden genetic potential.


Message History

You barely miss the ufetubus. The ufetubus closely misses you. x2
The white imp barely misses you.
The ufetubus hits you but does no damage.
The ufetubus closely misses you.
The orc hits the white imp with a +0 hand axe!
The white imp dies!
The ufetubus attacks as it pursues you! The ufetubus barely misses you.
The ufetubus closely misses you. The orc hits you with a +0 hand axe.
The orc priest hits you with a +0 dagger.
You hit the orc.
The orc is poisoned.
The orc is almost dead.
You barely miss the orc priest. You miss the ufetubus.
Xom makes a sudden noise!
You hear a knock.
You hear a shout! x2
You kill the ufetubus!
You kill the orc!
The orc priest mumbles some strange prayers to Beogh against you.
You barely resist.
You hit the orc priest but do no damage.
The orc priest suddenly stops moving!
The orc priest is no longer paralysed.
The orc priest barely misses you.
You barely miss the orc priest.
The orc priest hits you but does no damage.
An orc comes into view. It is wielding a +0 trident.
You barely miss the orc priest.
The orc priest hits you but does no damage.
You closely miss the orc priest.
The orc priest begins to cast a cantrip, but forgets the words!
You barely miss the orc priest. "This might be better!"
The orc evaporates and reforms as a wyvern!
You are now Xom's teddy bear.
The orc priest calls down the wrath of Beogh upon you.
Beogh smites you!
* * * LOW HITPOINT WARNING * * *
You hit the orc priest.
The orc priest is poisoned.
The orc priest is heavily wounded.
The orc priest mumbles some strange prayers to Beogh against you.
Beogh smites you!
You die...
Xom giggles madly!

..##.. #...#
......##...
.......#..#
..........
.........####
.........#..##
.............##
.......).<....#
.......@o.....#
...............#
.............###
.....k......##
...#.........#
...)##..#....#
.... #..#...##
.. #.....##


You could see a wyvern and an orc priest (very poisoned).

Vanquished Creatures
  An ogre (D:4)
  A hound (D:4)
  An orc priest (D:4)
  2 orc wizards (D:3)
  2 gnolls (D:3)
  4 adders
  2 ufetubi (D:5)
  3 dart slugs
  10 orcs
  11 ball pythons
  6 endoplasms
  6 giant cockroaches
  7 goblins
  5 hobgoblins
  7 jackals
  4 kobolds
  4 quokkas
  2 bats
  3 frilled lizards
  5 rats
86 creatures vanquished.

Vanquished Creatures (collateral kills)
  An orc wizard (D:4)
1 creature vanquished.

Vanquished Creatures (others)
  A white imp (D:5)
1 creature vanquished.

Grand Total: 88 creatures vanquished

Notes
Turn   | Place    | Note
-------+----------+-------------------------------------------
     0 | D:1      | PidgeyThePirate the Demonspawn Chaos Knight began the quest
                  | for the Orb.
     0 | D:1      | Reached XP level 1. HP: 18/18 MP: 1/1
   101 | D:1      | Gained mutation: You have a pair of small antennae on your
                  | head. [demonic ancestry]
   101 | D:1      | Reached XP level 2. HP: 21/24 MP: 2/2
   130 | D:1      | XOM: silly message
   221 | D:1      | XOM: silly message
   287 | D:1      | XOM: god gift: spear {god gift}
   819 | D:1      | Reached XP level 3. HP: 29/29 MP: 3/3
   938 | D:1      | XOM: noise
  1186 | D:2      | Reached skill level 1 in Dodging
  1374 | D:2      | XOM: silly message
  1580 | D:2      | XOM: summons 1 hostile demon
  1657 | D:2      | Reached XP level 4. HP: 35/35 MP: 4/4
  2003 | D:3      | XOM: polymorph gnoll -> orc
  2201 | D:3      | XOM: draining
  2283 | D:3      | Gained mutation: You have a pair of antennae on your head.
                  | [demonic ancestry]
  2283 | D:3      | Reached XP level 5. HP: 36/42 MP: 5/5
  2383 | D:3      | XOM: enchant monster (bad)
  2591 | D:3      | XOM: silly message
  2762 | D:3      | XOM: stat loss: -1 Int (12/13)
  3447 | D:4      | Noticed an ogre
  3450 | D:4      | Gained mutation: You have supernaturally acute eyesight.
                  | (SInv) [potion of mutation]
  3454 | D:4      | XOM: confusion
  3455 | D:4      | XOM: butterfly on damage
  3461 | D:4      | XOM: noise
  3463 | D:4      | XOM: torment (11/42 hp)
  3494 | D:4      | XOM: swap monsters
  3501 | D:4      | Killed an ogre
  3502 | D:4      | Reached skill level 1 in Stealth
  3502 | D:4      | Reached XP level 6. HP: 25/48 MP: 6/6
  3641 | D:4      | XOM: give mutation
  3641 | D:4      | Gained mutation: You have hidden genetic potential. [Xom's
                  | mischief]
  3789 | D:4      | XOM: blink monster(s)
  3861 | D:4      | XOM: silly message
  4030 | D:4      | Noticed Duvessa
  4031 | D:4      | Duvessa changed into Duvessa the hornet
  4031 | D:4      | Noticed Duvessa
  4031 | D:4      | XOM: polymorph Duvessa -> Duvessa the hornet
  4031 | D:4      | Noticed Dowan
  4035 | D:4      | XOM: butterfly on damage
  4036 | D:4      | XOM: chaos upgrade
  4038 | D:4      | Paralysed by Duvessa for 1 turns
  4067 | D:5      | Entered Level 5 of the Dungeon
  4067 | D:5      | Noticed an ice beast
  4146 | D:5      | XOM: noise
  4152 | D:5      | an orc changed into a wyvern
  4152 | D:5      | Noticed a wyvern
  4152 | D:5      | XOM: polymorph orc -> wyvern
  4153 | D:5      | Killed from afar by an orc priest

Illustrated notes

Levels and vault maps discovered:
D:1:      sevenhm_arrival_forest_fort_large_2, layout_loops_corners
D:2:      wad_woods_pond, layout_basic
D:3:      layout_basic
D:4:      layout_loops_ring, uniq_duvessa
D:5:      layout_cave_pools

Skill      XL: |  1  2  3  4  5  6 |
---------------+-------------------+-----
Armour         | 2 3 |  3.1
Axes           | 3 4 |  4.7
Dodging        | 1 2 |  2.1
Fighting       | 4 |  4.1
Stealth        | 1 |  1.6

Action                     |  1- 3 |  4- 6 || total
---------------------------+-------+-------++-------
  Melee: Hand axe          |   130 |   145 ||   275
    Use: Potion            |       |     7 ||     7
         Scroll            |       |     2 ||     2
   Stab: Sleeping          |     1 |     2 ||     3
         Confused          |     1 |       ||     1
 Armour: Leather armour    |    77 |   127 ||   204
  Dodge: Dodged            |    87 |   117 ||   204

Table legend: (Time is in decaauts)
 A = Elapsed time spent in this place.
 B = Non-inter-level travel time spent in this place.
 C = Inter-level travel time spent in this place.
 D = Time resting spent in this place.
 E = Time spent auto-exploring this place.
 F = Levels seen in this place.
 G = Mean time per level.
                   A        B        C        D        E       F      G
               +--------+--------+--------+--------+--------+-----+--------+
         Total |   4150 |   4031 |    119 |      0 |   3204 |   5 |  830.0 |
       Dungeon |   4150 |   4031 |    119 |      0 |   3204 |   5 |  830.0 |
               +--------+--------+--------+--------+--------+-----+--------+

Top non-repeatable levels by time:
     D:3: 1248 daAuts
     D:1: 1003 daAuts
     D:4: 942 daAuts
     D:2: 933 daAuts
     D:5: 22 daAuts
